 Dungeon Crawl Stone Soup version 0.27-a0-1359-ga2a4dfd6fd (webtiles) character file.

Game seed: 15241223219097140651

90 basicallysejuani the Ruffian (level 4, -1/44 HPs)
             Began as a Troll Monk on June 29, 2021.
             Was a Follower of Ru.
             Slain by a water moccasin (2 damage)
             ... on level 3 of the Dungeon.
             The game lasted 00:07:01 (1371 turns).

basicallysejuani the Ruffian (Troll Monk)           Turns: 1371, Time: 00:07:02

Health: -1/44      AC:  4    Str: 20    XL:     4   Next: 32%
Magic:  3/3        EV: 10    Int:  6    God:    Ru [*.....]
Gold:   82         SH:  0    Dex: 12    Spells: 3/3 levels left

rFire    . . .     SeeInvis .     - Unarmed
rCold    . . .     Faith    .   (no shield)
rNeg     . . .     Spirit   .   a - +0 robe
rPois    .         Reflect  .   (helmet restricted)
rElec    .         Harm     .   (no cloak)
rCorr    .         Rampage  .   (gloves unavailable)
Will     .....                  (boots unavailable)
Stlth    ++........             (no amulet)
HPRegen  1.14/turn              (no ring)
MPRegen  0.08/turn              (no ring)

@: lethally poisoned (-1 -> -1)
A: large, unfitting armour, claws 3, regeneration 1, shaggy fur 1, tough skin 1,
no fire magic, no hexes magic, no translocations magic
a: Renounce Religion


You were on level 3 of the Dungeon.
You worshipped Ru.
Ru was aware of your devotion.
You visited 1 branch of the dungeon, and saw 3 of its levels.

You collected 82 gold pieces.

Inventory:

Hand Weapons
 f - a -3 whip of venom
 k - a +0 hunting sling
Armour
 a - a +0 robe (worn)
Scrolls
 b - a scroll of noise {unknown}
 d - a scroll of holy word {unknown}
 e - 4 scrolls of identify
 i - 2 scrolls of fog {unknown}
Potions
 c - a potion of haste {unknown}
 g - a potion of might {unknown}
 h - 2 potions of degeneration
 j - a potion of mutation {unknown}
 l - a potion of curing {unknown}


   Skills:
 - Level 2.4 Fighting
 - Level 2.4 Dodging
 - Level 1.0 Stealth
 + Level 5.2 Unarmed Combat


You had 3 spell levels left.
You didn't know any spells.
Your spell library contained the following spells:

 Spells                   Type           Power      Damage    Failure   Level
 Freeze                   Ice            0%         1d3       45%         1
 Frozen Ramparts          Ice            0%         1d2       83%         3
 Ozocubu's Armour         Ice            0%         N/A       83%         3
 Hailstorm                Conj/Ice       0%         3d3       99%         4
 Metabolic Englaciation   Hex/Ice        Unusable   N/A       N/A         5

Dungeon Overview and Level Annotations

Branches:
Dungeon (3/15)

Altars:
Ru


Innate Abilities, Weirdness & Mutations

You are too large for most types of armour.
You have claws for hands.
Your natural rate of healing is unusually fast.
You are covered in fur. (AC +1)
You have tough skin. (AC +1)
You cannot study or cast Fire magic.
You cannot study or cast Hexes magic.
You cannot study or cast Translocations magic.


Message History

The water moccasin poisons you! The water moccasin bites you.
You are more poisoned.
The water moccasin poisons you!
You closely miss the water moccasin.
The water moccasin is heavily wounded.
You feel extremely sick. The water moccasin barely misses you.
You feel very sick.
You feel very sick. The water moccasin barely misses you.
You feel very sick.
You feel very sick.
You feel sick. The water moccasin misses you.
You feel sick.
You feel sick. The water moccasin barely misses you.
You feel sick.
You feel sick. The water moccasin bites you!
* * * LOW HITPOINT WARNING * * *
Okay, then.
You feel sick.
You feel sick.
You feel sick. The water moccasin closely misses you.
You feel sick.
You are no longer poisoned.
The water moccasin barely misses you.
The water moccasin bites you but does no damage.
The water moccasin barely misses you. The water moccasin bites you.
* * * LOW HITPOINT WARNING * * *
You are poisoned.
The water moccasin poisons you!
* * * LOW HITPOINT WARNING * * *
You feel very sick.
* * * LOW HITPOINT WARNING * * *
You feel sick.
You scratch the water moccasin but do no damage.
The water moccasin is heavily wounded.
* * * LOW HITPOINT WARNING * * *
You feel sick. The water moccasin bites you.
You die...

#.####.#..........##.#
.............#<###.# #
#.####.####..##.#.##.###
#.####.# #...##..###....
#>..(..###...##..........
########.................
##.#.#.#.#.#.#.#.#.....
#............S........
##.#.#.#.#.#.#@#.#..#
#.........†.........#
##.#.#.#.#.#.#.#.#..#
###.........†.>.......#
...#.#.#.#.#.#.#.#.#..... #####
#.#..##)..#..###...###### .....#
#...................# ###.....#
#...................####.......#
......)...............##.# ....#


You could see a water moccasin.

Vanquished Creatures
  4 adders
  2 dart slugs (D:1)
  2 orcs (D:3)
  4 endoplasms (D:1)
  A giant cockroach (D:2)
  2 goblins (D:1)
  6 hobgoblins
  2 jackals (D:1)
  6 kobolds (D:1)
  3 quokkas
  6 ball pythons
  5 bats
  3 frilled lizards
  3 rats
49 creatures vanquished.

Notes
Turn   | Place    | Note
-------+----------+-------------------------------------------
     0 | D:1      | basicallysejuani the Troll Monk began the quest for the
                  | Orb.
     0 | D:1      | Reached XP level 1. HP: 22/22 MP: 0/0
    92 | D:1      | Reached XP level 2. HP: 29/29 MP: 1/1
    96 | D:1      | Found a faded altar of an unknown god.
   169 | D:1      | Became a worshipper of Ru the Awakened
   180 | D:1      | Gained mutation: You cannot study or cast Fire magic. [Ru
                  | sacrifice]
   180 | D:1      | Gained mutation: You cannot study or cast Hexes magic. [Ru
                  | sacrifice]
   180 | D:1      | Gained mutation: You cannot study or cast Translocations
                  | magic. [Ru sacrifice]
   180 | D:1      | Reached * piety under Ru
   264 | D:1      | Reached skill level 4 in Unarmed Combat
   336 | D:1      | Reached XP level 3. HP: 27/36 MP: 2/2
   707 | D:2      | Reached XP level 4. HP: 44/44 MP: 3/3
   819 | D:2      | Reached skill level 5 in Unarmed Combat
  1343 | D:3      | Noticed a water moccasin
  1356 | D:3      | HP: 1/44 [water moccasin (7)]
  1370 | D:3      | HP: 2/44 [poisoned by a water moccasin]
  1371 | D:3      | Slain by a water moccasin

Illustrated notes

Levels and vault maps discovered:
D:1:      dpeg_arrival_tiny_a, layout_basic, ebering_ecumenical_altar_rust,
          minmay_heptomino_o4
D:2:      layout_basic, ebering_dispersal_statue_hall,
          amcnicky_mini_rare_corridor_liquid
D:3:      layout_loops_cross, st_stairs_12, minmay_misc_feat_enclosed

Skill      XL: |  1  2  3  4 |
---------------+-------------+-----
Unarmed Combat | 4 5 |  5.2
Fighting       | |  2.4
Dodging        | |  2.4
Stealth        | |  1.0

Action                   |  1- 3 |  4- 6 || total
-------------------------+-------+-------++-------
Melee: Unarmed           |    85 |    28 ||   113
       Punch             |       |     2 ||     2
Invok: Sacrifice Arcana  |     1 |       ||     1
  Use: Scroll            |     1 |       ||     1
 Stab: Sleeping          |     3 |       ||     3
Armor: Robe              |    23 |     5 ||    28
Dodge: Dodged            |    34 |    20 ||    54

Table legend: (Time is in decaauts)
 A = Elapsed time spent in this place.
 B = Non-inter-level travel time spent in this place.
 C = Inter-level travel time spent in this place.
 D = Time resting spent in this place.
 E = Time spent auto-exploring this place.
 F = Levels seen in this place.
 G = Mean time per level.
                   A        B        C        D        E       F      G
               +--------+--------+--------+--------+--------+-----+--------+
         Total |   1361 |   1209 |    152 |      0 |    927 |   3 |  453.7 |
       Dungeon |   1361 |   1209 |    152 |      0 |    927 |   3 |  453.7 |
               +--------+--------+--------+--------+--------+-----+--------+

Top non-repeatable levels by time:
     D:1: 636 daAuts
     D:2: 490 daAuts
     D:3: 234 daAuts
